 Dungeon Crawl Stone Soup version 0.31-a0-795-g5eb97db20b (webtiles) character file.

Game seed: 4282654761235810522

583620 CowFu the Invulnerable (level 26, -39/237 HPs)
             Began as a Minotaur Berserker on Sept 18, 2023.
             Was the Champion of Trog.
             Killed from afar by an ancient lich (110 damage)
             ... with a crystal spear
             ... on level 5 of the Realm of Zot.
             The game lasted 02:06:50 (48659 turns).

CowFu the Invulnerable (Minotaur Berserker)        Turns: 48659, Time: 02:06:51

Health: -39/237    AC: 29    Str: 42    XL:     26   Next: 1%
Magic:  0/19       EV: 18    Int:  8    God:    Trog [******]
Gold:   3726       SH: 28    Dex: 19    Spells: 25/25 levels left

rFire   + + +        a - +16 obsidian axe {drain, demonic, Mesm Drain Fly SInv}
rCold   + + .        q - +2 tower shield {rC+}
rNeg    + + .        m - +0 gold dragon scales
rPois   +            o - +1 hat of the Great Game {Regen+ Dex+5}
rElec   +            L - scarf of Dust Devil {repulsion, Rampage rPois rF+ rN+}
rCorr   .            p - +0 pair of gloves
SInv    +            f - +1 pair of boots "Iqeureti" {Str+4 Dex+2 SInv Stlth+}
Will    +++++        h - amulet of guardian spirit Stlth
                     Z - ring of Peace {rN+ Will++ Str+4}
HPRegen 2.39/turn    U - ring of Sotoruif {rElec rF+ Str+2 Dex+2}
MPRegen 0.16/turn

%: repel missiles, clarity, guardian spirit, rampage
@: about to teleport, strong-willed, corroded, flying, mesmerised, regenerating
A: horns 2, retaliatory headbutt, clarity, clever 1, frail 1, low MP 1
}: 3/15 runes: serpentine, barnacled, silver
a: Renounce Religion, Berserk, Trog's Hand, Brothers in Arms


You were on level 5 of the Realm of Zot.
You worshipped Trog.
Trog was exalted by your worship.
You visited 9 branches of the dungeon, and saw 45 of its levels.
You also visited: Sewer, Gauntlet and Ice Cave.

You collected 8844 gold pieces.
You spent 5118 gold pieces at shops.

Inventory:

Hand Weapons
 a - the +16 obsidian axe (weapon) {drain, demonic, Mesm Drain Fly SInv}
   (You found it on level 13 of the Dungeon)

   Mesm:      Its wielder is mesmerised by any visible foes, and it cannot be
   unequipped while any foes are visible.
   SInv:      It lets you see invisible.
   Fly:       It grants you flight.
   Drain:     It drains your maximum health when unequipped.
 b - the +13 broad axe of Terror {flame, Str+5}
   (Trog gifted it to you on level 1 of the Depths)

   Str+5:     It affects your strength (+5).
Missiles
 t - 6 throwing nets
 R - 23 javelins
Armour
 f - the +1 pair of boots "Iqeureti" (worn) {Str+4 Dex+2 SInv Stlth+}
   (You found it on level 7 of the Dungeon)

   Str+4:     It affects your strength (+4).
   Dex+2:     It affects your dexterity (+2).
   SInv:      It lets you see invisible.
   Stlth+:    It makes you more stealthy.
 m - +0 gold dragon scales (worn)
 o - the +1 hat of the Great Game (worn) {Regen+ Dex+5}
   (You acquired it on level 2 of the Orcish Mines)

   Dex+5:     It affects your dexterity (+5).
   Regen+:    It increases your rate of health regeneration.
 p - a +0 pair of gloves (worn)
 q - a +2 tower shield of cold resistance (worn)
 L - the scarf of Dust Devil (worn) {repulsion, Rampage rPois rF+ rN+}
   (You found it on level 5 of the Vaults)

   rF+:       It protects you from fire.
   rPois:     It protects you from poison rN+: It protects you from negative
   energy.
   Rampage:   It bestows one free step when moving towards enemies.
Jewellery
 g - the ring "Ocyucw" {rC+ Will+ Dex+2}
   (You found it in an ice cave)

   [ring of protection from cold]

   Dex+2:     It affects your dexterity (+2).
   rC+:       It protects you from cold.
   Will+:     It increases your willpower.
 h - an amulet of guardian spirit (around neck)
 n - the ring of Jaemasan {rC+ rCorr Str+4 Dex+2}
   (You found it in an ice cave)

   [ring of protection from cold]

   Str+4:     It affects your strength (+4).
   Dex+2:     It affects your dexterity (+2).
   rC+:       It protects you from cold.
   rCorr:     It protects you from acid and corrosion.
 v - a ring of poison resistance
 G - the ring "Kuidehi Vusch" {Fly rCorr AC+4 Stlth+}
   (You found it in an ice cave)

   [ring of protection]

   AC+4:      It affects your AC (+4).
   Fly:       It grants you flight.
   rCorr:     It protects you from acid and corrosion.
   Stlth+:    It makes you more stealthy.
 Q - the ring "Pugarah" {Will+ Int+3 Dex+3}
   (You found it on level 5 of the Realm of Zot)

   [ring of willpower]

   Int+3:     It affects your intelligence (+3).
   Dex+3:     It affects your dexterity (+3).
   Will+:     It increases your willpower.
 T - a +6 ring of intelligence
 U - the ring of Sotoruif (right hand) {rElec rF+ Str+2 Dex+2}
   (You took it off a vault guard on level 5 of the Vaults)

   [ring of protection from fire]

   Str+2:     It affects your strength (+2).
   Dex+2:     It affects your dexterity (+2).
   rF+:       It protects you from fire.
   rElec:     It insulates you from electricity.
 Z - the ring of Peace (left hand) {rN+ Will++ Str+4}
   (You bought it in a shop on level 1 of the Snake Pit)

   [ring of positive energy]

   Str+4:     It affects your strength (+4).
   rN+:       It protects you from negative energy.
   Will++:    It greatly increases your willpower.
Wands
 c - a wand of roots (99)
 j - a wand of flame (100)
 x - a wand of quicksilver (27)
 A - a wand of mindburst (38)
 D - a wand of paralysis (54)
 O - a wand of digging (2)
 V - a wand of polymorph (12)
Scrolls
 e - 8 scrolls of immolation
 i - 4 scrolls of torment
 k - 5 scrolls of revelation
 s - 7 scrolls of poison
 u - 7 scrolls of fear
 w - 5 scrolls of fog
 y - 19 scrolls of teleportation
 z - 2 scrolls of vulnerability
 F - 2 scrolls of silence
 I - 5 scrolls of enchant weapon
 P - 8 scrolls of blinking
 W - 24 scrolls of identify
 Y - a scroll of butterflies
Potions
 d - 4 potions of haste
 l - 5 potions of might
 r - 10 potions of mutation
 B - 11 potions of enlightenment
 C - 5 potions of lignification
 E - 3 potions of invisibility
 H - 9 potions of curing
 J - 7 potions of ambrosia
 K - 7 potions of resistance
 M - 5 potions of cancellation
 S - 3 potions of heal wounds
 X - 3 potions of attraction
Miscellaneous
 N - a lightning rod (4/4)


   Skills:
 + Level 26.9 Fighting
 O Level 27 Axes
 - Level 1.2(18.1) Polearms
 O Level 27 Armour
 - Level 15.0 Dodging
 - Level 10.0 Stealth
 O Level 27 Shields
 - Level 10.0 Evocations


You had 25 spell levels left.
You didn't know any spells.
Your spell library was empty.

Dungeon Overview and Level Annotations

Branches:
Dungeon (15/15)            Temple (1/1) D:6            Lair (5/5) D:10
 Shoals (4/4) Lair:3        Snake (4/4) Lair:3        Slime (0/5) Lair:5
    Orc (2/2) D:9             Elf (0/3) Orc:2        Vaults (5/5) D:13
  Crypt (0/3) Vaults:2     Depths (4/4) D:15            Zot (5/5) Depths:4
  Sewer (visited)           IceCv (visited)         Gauntlet (visited)

Altars:
Ashenzari
Cheibriados
Dithmenos
Elyvilon
Fedhas
Gozag
Hepliaklqana
Kikubaaqudgha
Makhleb
Nemelex Xobeh
Okawaru
Qazlal
Ru
Sif Muna
Trog
Uskayaw
Vehumet
Wu Jian
Xom
Yredelemnul
Zin
The Shining One
Jiyva

Shops:
Orc:1 ?(   Orc:2 :*!*   Shoals:1 [   Shoals:3 *   Snake:1 =[[*[   Snake:3 *
Snake:4 :   Vaults:4 (!   Depths:4 (:[

Portals:
Hell: Depths:1 Depths:2 Depths:3 Depths:4
Abyss: Depths:2 Depths:3
Pandemonium: Depths:1 Depths:2
Ziggurat: Depths:1
Trove: Vaults:2 (give +3 gold dragon scales)

Annotations:
D:12 1 runed translucent door
Zot:4 3 runed translucent doors, Didetumn's ghost, veteran OgBe
Zot:5 exclusion: 2 obsidian statues


Innate Abilities, Weirdness & Mutations

You have a pair of horns on your head.
You reflexively headbutt those who attack you in melee.
You possess an exceptional clarity of mind.
Your mind is acute. (Int +4, Str/Dex -1)
You are frail. (-10% HP)
Your magical capacity is low. (-10% MP)


Message History

The electric golem is moderately damaged.
The electric golem blinks!
Blink to where?
Press: ? - help, Dir - move target You cannot blink away from the electric golem!
Blink to where?
Press: ? - help, Dir - move target, f - you
Okay, then.
As you read the scroll of teleportation, it crumbles to dust.
You feel strangely unstable.
You feel the Orb delaying your translocation!
Visions of slaying the ancient lich flood into your mind.
The black draconian knight breathes lightning at you.
The bolt of lightning hits the ancient lich.
The ancient lich resists.
The bolt of lightning hits you! You resist.
* * * LOW HITPOINT WARNING * * *
You feel much better.
You block the yellow draconian's attack.
The ancient lich completely misses you. You furiously retaliate!
You headbutt the ancient lich!!
Your sun demon hits the yellow draconian but does no damage.
You cut the ancient lich into ribbons!!!
Your headbutt misses the ancient lich.
The ancient lich is severely damaged.
You slice the yellow draconian like a ripe choko!!!
You kill the yellow draconian!
Trog accepts your kill.
The Orb Guardian fails to trigger a net trap.
You block the ancient lich's attack.
You slash the ancient lich! Your headbutt misses the ancient lich.
The ancient lich is almost destroyed.
The electric golem hits you but does no damage.
You block the electric golem's attack. The electric golem closely misses you.
You block the electric golem's attack.
You completely miss the ancient lich. Your headbutt misses the ancient lich.
The ancient lich is almost destroyed.
You slash the electric golem!
The ancient lich points at you and mumbles some strange words.
The crystal spear hits you!!!!
You die...

##▓......,,,,,,L,,,.,,*
##.............,,,,,,,,, ▓▓▓▓▓▓▓▓
#..........^...,,,,,,,,,
.......▓▓▓..........X...,,,,,,,,,
........▓▓..............,,,,,,,,,
.........▓.........q..^.,,,,,,,,*
...0...§................,,,,,^,**
.........▓[.....3L......,,,,,,,,*
....^...▓▓......@9......,,,,,,,,,
^......▓▓▓..............,,,,,,,,,
▓▓▓▓▓▓▓▓ ▓..............,,,,,,,,,
▓▓.............,,,,,,,,,
▓▓▓....^......,,,,,,,,*
▓▓▓▓........,,,,,****
▓▓▓▓▓▓▓▓▓******


You could see an electric golem, a black draconian knight (invisible, catching
breath), an ancient lich (mesmerising, invisible), an Orb Guardian and a
friendly sun demon (summoned).

Vanquished Creatures
  4 dread liches (Zot:5)
  6 orbs of fire
  An ancient lich (Zot:5)
  Tiamat (Zot:2)
  Saint Roka (Snake:2)
  3 curse toes
  Margery (Vaults:4)
  The ghost of Joextigh the Crack Shot, a veteran KoHu of Okawaru (Vaults:4)
  Vashnia (Snake:4)
  A caustic shrike (Depths:3)
  10 golden dragons
  Nikola (Snake:2)
  A bone dragon (Depths:4)
  17 tentacled monstrosities
  2 hellephants
  Jorgrun (Shoals:3)
  4 electric golems
  A walking crystal tome (Zot:1)
  Rupert (Lair:5)
  17 Orb Guardians (Zot:5)
  6 quicksilver dragons
  2 liches
  3 titans
  Mlioglotl (Snake:2)
  A walking earthen tome (Zot:1)
  4 sphinxes
  A walking divine tome (Zot:1)
  8 death cobs
  A walking frostbound tome (Zot:1)
  Kirke (Shoals:3)
  14 shadow dragons
  Aizul (Vaults:4)
  4 draconian monks
  11 tengu reavers
  A rockslime (IceCv)
  4 draconian knights
  4 nagarajas (Snake:4)
  17 storm dragons
  An azure jelly (IceCv)
  Roxanne (D:15)
  12 fire giants
  Ilsuiw (Shoals:3)
  A frost giant (shapeshifter) (Vaults:5)
  5 narguns (Zot:1)
  An iron dragon (Zot:2)
  4 draconian scorchers (Zot:4)
  3 deep elf sorcerers
  3 ghost moths
  6 frost giants
  Louise (Shoals:3)
  An orc warlord (Vaults:3)
  15 vault wardens
  A ghoul (Vaults:2)
  3 draconian shifters
  3 draconian stormcallers
  5 draconian annihilators
  A spriggan defender (Depths:3)
  A formless jellyfish (Vaults:4)
  4 ironbound thunderhulks
  22 very ugly things
  4 war gargoyles
  18 ironbound preservers
  11 green draconians
  5 quicksilver oozes (IceCv)
  9 stone giants
  Azrael (D:15)
  4 vampire knights
  13 black draconians
  11 white draconians
  3 deep elf demonologists (Vaults:5)
  9 spark wasps
  3 deep elf annihilators (Vaults:5)
  10 purple draconians
  12 red draconians
  A minotaur (Gauntlet)
  8 yellow draconians
  6 dire elephants (Vaults:4)
  10 ettins
  5 merfolk javelineers
  20 yaktaur captains
  7 merfolk impalers (Shoals:4)
  A deep elf death mage (Vaults:5)
  A jiangshi (Depths:3)
  14 fire dragons
  A blizzard demon (Depths:2)
  Josephine (Lair:4)
  3 crystal guardians
  An entropy weaver (Vaults:4)
  2 deep elf high priests (Vaults:5)
  4 great orbs of eyes
  10 hydras
  32 vault guards
  4 peacekeepers
  6 merfolk avatars
  10 ice dragons
  A rakshasa (D:15)
  A spriggan air mage (Depths:3)
  4 catoblepae
  An anaconda (shapeshifter) (Depths:4)
  6 salamander tyrants
  11 anacondas
  7 boulder beetles
  8 centaur warriors
  8 ironbound frosthearts
  7 merfolk aquamancers
  An alligator snapping turtle (Shoals:1)
  3 dancing weapons
  11 two-headed ogres
  2 satyrs (Shoals:4)
  3 ogre magi
  2 tengu warriors
  10 naga warriors
  2 vampire magi
  3 death yaks (Lair:3)
  5 deep troll shamans
  7 hell hogs (Depths:3)
  A titan zombie (Vaults:2)
  Urug (Lair:1)
  11 shock serpents
  A spriggan berserker (Depths:2)
  8 deep troll earth magi
  13 naga sharpshooters
  A sun demon (Depths:1)
  A deep elf knight (Vaults:5)
  18 hell knights
  A skyshark (shapeshifter) (Vaults:5)
  6 orc high priests (Orc:2)
  4 skysharks
  A soul eater (Depths:2)
  6 salamander mystics
  3 iron trolls
  2 flayed ghosts (Depths:3)
  A kraken simulacrum (Shoals:4)
  26 sea snakes
  3 glowing orange brains
  4 phantasmal warriors
  13 ironbound convokers
  A sea snake (shapeshifter) (Depths:3)
  5 naga ritualists
  Pikel (D:5)
  A deep elf archer (D:12)
  61 deep trolls
  4 lindwurms
  6 orc knights
  19 ugly things
  6 necromancers
  4 orc sorcerers
  4 harpies
  3 wizards
  6 mana vipers
  6 deep elf pyromancers
  A wolf spider (D:15)
  11 cyclopes
  10 fauns
  18 salamanders
  A salamander (shapeshifter) (D:13)
  8 manticores
  28 moths of wrath
  8 elephants
  15 merfolk sirens
  An elephant (shapeshifter) (Vaults:5)
  A rust devil (Depths:2)
  37 black mambas
  Joseph (D:8)
  8 guardian serpents
  A cane toad (shapeshifter) (D:15)
  2 molten gargoyles (Gauntlet)
  15 naga magi
  An orange demon (Depths:1)
  4 torpor snails
  3 water nymphs
  13 vault sentinels
  21 cane toads
  4 gargoyles
  A rime drake (shapeshifter) (D:14)
  4 unseen horrors
  A rime drake (Lair:2)
  10 komodo dragons
  Psyche (D:11)
  2 efreet
  3 ice devils
  2 freezing wraiths
  3 tengu conjurers
  A tormentor (Depths:1)
  12 trolls
  21 yaktaurs
  A queen bee (shapeshifter) (Vaults:5)
  A tyrant leech (Lair:5)
  20 merfolk
  4 red devils (Depths:1)
  7 polar bears
  3 meliai (D:15)
  5 hornets
  8 dream sheep
  12 blink frogs
  6 wind drakes
  10 snapping turtles
  A dream sheep (shapeshifter) (D:13)
  A centaur simulacrum (D:14)
  21 slime creatures
  6 wraiths
  6 shadows
  A ynoxinul (Depths:1)
  14 water elementals
  3 large abominations (Depths:2)
  2 spriggans (Depths:2)
  A vampire (D:10)
  10 wyverns
  Eustachio (D:5)
  38 yaks
  3 hogs (Shoals:3)
  4 basilisks
  2 fire elementals (D:15)
  A neqoxec (Depths:1)
  A human (D:13)
  3 steam dragons
  8 wargs
  4 chaos spawn
  12 vampire mosquitoes
  34 nagas
  3 acid dragons
  25 water moccasins
  10 hell hounds
  Pargi (Sewer)
  A small abomination (Depths:2)
  A swamp drake (D:9)
  6 sky beasts
  11 black bears
  3 great orb of eyes simulacra (IceCv)
  53 orc warriors
  21 wolves
  19 ogres
  13 centaurs
  A lemure (D:5)
  2 slime creature simulacra (IceCv)
  2 phantoms (D:6)
  A kobold brigand (D:10)
  Blork the orc (D:4)
  20 bullfrogs
  A glowing shapeshifter simulacrum (IceCv)
  3 gnoll sergeants
  5 scorpions
  7 wights
  4 killer bees (D:9)
  4 electric eels (Snake:2)
  3 howler monkeys
  3 lava snakes (Snake:3)
  A human simulacrum (Vaults:2)
  3 hounds
  33 orc priests
  A gnoll bouda (D:10)
  3 iguanas
  A sleepcap (D:5)
  19 orc wizards
  6 hell rats
  15 gnolls
  2 river rats (D:6)
  7 adders
  2 white imps
  4 ufetubi
  A worm (D:2)
  3 dart slugs (D:1)
  100 orcs
  9 bats
  6 endoplasms
  A giant cockroach (D:1)
  7 goblins
  6 hobgoblins
  4 jackals (D:3)
  11 kobolds
  7 quokkas
  5 ball pythons
  3 frilled lizards
  3 rats
  7 tentacles
1890 creatures vanquished.

Vanquished Creatures (collateral kills)
  Sojobo (Depths:2)
  A curse toe (Zot:2)
  4 golden dragons
  A hellephant (Depths:3)
  An Orb Guardian (Zot:5)
  3 tentacled monstrosities
  A sphinx (Vaults:2)
  A quicksilver dragon (Zot:2)
  2 krakens
  A death cob (Zot:1)
  A tengu reaver (Vaults:5)
  A storm dragon (Zot:4)
  A shadow dragon (Zot:4)
  An azure jelly (IceCv)
  2 frost giants
  A nagaraja (Snake:4)
  An orc warlord (Orc:2)
  2 vault wardens (Vaults:1)
  3 draconian shifters
  A formless jellyfish (Vaults:2)
  3 very ugly things
  2 war gargoyles
  4 ironbound preservers
  3 draconian annihilators
  2 green draconians
  A vampire knight (Vaults:2)
  5 ironbound thunderhulks
  A dire elephant (Vaults:4)
  3 yellow draconians
  2 red draconians
  3 white draconians
  2 ettins (Depths:2)
  A merfolk impaler (Shoals:1)
  3 yaktaur captains
  2 fire dragons
  A jiangshi (Depths:3)
  A merfolk javelineer (Shoals:4)
  5 vault guards (Vaults:5)
  An ice dragon (Depths:4)
  A catoblepas (Lair:5)
  4 centaur warriors
  A spriggan air mage (Depths:2)
  A boulder beetle (shapeshifter) (Vaults:5)
  An alligator snapping turtle (Shoals:4)
  An ironbound frostheart (Vaults:3)
  A vampire mage (Depths:2)
  2 naga warriors
  3 deep troll earth magi
  A shock serpent (Snake:2)
  A hell knight (Depths:2)
  2 naga sharpshooters
  2 iron trolls (Depths:2)
  6 sea snakes
  A flayed ghost (Depths:2)
  12 deep trolls
  2 orange crystal statues (IceCv)
  A glowing orange brain (Vaults:4)
  2 necromancers
  2 lindwurms (Vaults:1)
  2 ironbound convokers
  4 harpies
  2 mana vipers
  2 cyclopes
  2 manticores
  2 ugly things
  5 salamanders
  2 merfolk sirens
  2 elephants (Lair:3)
  A frost giant skeleton (Vaults:2)
  A water nymph (Shoals:2)
  4 black mambas
  4 slime creatures
  2 naga magi (Snake:3)
  A moth of wrath (Zot:4)
  A guardian serpent (Snake:4)
  4 torpor snails
  4 vault sentinels
  4 cane toads
  3 unseen horrors (Depths:2)
  3 komodo dragons
  A rime drake (Lair:3)
  4 yaktaurs
  9 merfolk
  6 polar bears (Lair:5)
  A wind drake (Shoals:3)
  4 hornets
  A large abomination (Depths:2)
  A raiju (Lair:5)
  3 tyrant leeches (Lair:5)
  A blink frog (Lair:3)
  3 dream sheep
  An ettin zombie (Vaults:2)
  A snapping turtle (Shoals:3)
  3 water elementals
  12 yaks
  A wraith (Vaults:2)
  An elf zombie (Vaults:2)
  A human (D:13)
  A fire elemental (D:15)
  A chaos spawn (Depths:2)
  3 wargs
  6 nagas
  7 hell hounds (Lair:5)
  4 orc warriors
  4 black bears
  A great orb of eyes simulacrum (IceCv)
  2 small abominations (Depths:2)
  3 wolves (Lair:5)
  3 ogres
  3 centaurs (D:12)
  A slime creature simulacrum (IceCv)
  A bullfrog (Lair:2)
  4 orc priests (Orc:2)
  An orc wizard (Orc:2)
  A hell rat (Lair:4)
  13 orcs
290 creatures vanquished.

Vanquished Creatures (others)
  A tengu reaver (Depths:2)
  A white draconian (Depths:4)
  2 ice dragons (Zot:2)
  A black mamba (Snake:3)
  A gnoll bouda (D:7)
  An orc (Snake:2)
  5 tentacles
12 creatures vanquished.

Grand Total: 2192 creatures vanquished

Notes
Turn   | Place    | Note
-------+----------+-------------------------------------------
     0 | D:1      | CowFu the Minotaur Berserker began the quest for the Orb.
     0 | D:1      | Reached XP level 1. HP: 19/19 MP: 0/0
   122 | D:1      | Reached XP level 2. HP: 26/26 MP: 1/1
   313 | D:1      | Reached skill level 5 in Axes
   397 | D:1      | Reached XP level 3. HP: 31/31 MP: 2/2
   485 | D:1      | Reached ** piety under Trog
  1172 | D:3      | Reached XP level 4. HP: 32/39 MP: 3/3
  1432 | D:3      | Found a large runed translucent door.
  1433 | D:3      | Found a large runed translucent door.
  1442 | D:3      | Identified the +6 hand axe of Arrival {flame, rC++ Str+4
                  | Int-5}
  1912 | D:3      | Found a sacrificial altar of Ru.
  1912 | D:3      | Found a snail-covered altar of Cheibriados.
  2069 | D:3      | Found an ornate altar of the Wu Jian Council.
  2078 | D:3      | Found an ancient bone altar of Kikubaaqudgha.
  2231 | D:3      | Reached XP level 5. HP: 15/45 MP: 4/4
  2502 | D:4      | Reached XP level 6. HP: 51/51 MP: 5/5
  2523 | D:4      | Noticed Blork the orc
  2528 | D:4      | Killed Blork the orc
  2528 | D:4      | Reached *** piety under Trog
  2967 | D:5      | Entered Level 5 of the Dungeon
  2988 | D:5      | Noticed Eustachio
  3005 | D:5      | Killed Eustachio
  3006 | D:5      | Reached skill level 10 in Axes
  3006 | D:5      | Reached XP level 7. HP: 47/57 MP: 6/6
  3180 | D:5      | Noticed Pikel
  3186 | D:5      | Killed Pikel
  3187 | D:5      | Reached XP level 8. HP: 61/64 MP: 7/7
  3328 | D:5      | HP: 4/96 [ogre/+0 giant club (4)]
  3526 | D:5      | Found a shimmering altar of Xom.
  3852 | D:5      | Found a shimmering blue altar of Sif Muna.
  4090 | D:6      | Found a glowing drain.
  4100 | Sewer    | Entered a sewer
  4140 | Sewer    | Noticed Pargi
  4149 | Sewer    | Killed Pargi
  4150 | Sewer    | Reached XP level 9. HP: 69/71 MP: 8/8
  4248 | D:6      | Reached **** piety under Trog
  4649 | D:6      | Found a staircase to the Ecumenical Temple.
  4951 | Temple   | Entered the Ecumenical Temple
  4974 | D:7      | Reached skill level 5 in Fighting
  5124 | D:7      | Found a transporter.
  5125 | D:7      | Noticed a troll
  5158 | D:7      | Found a glowing golden altar of the Shining One.
  5228 | D:7      | Found a transporter.
  5715 | D:7      | Reached skill level 5 in Armour
  5724 | D:7      | Identified the +1 pair of boots "Iqeureti" {Str+4 Dex+2
                  | SInv Stlth+}
  5727 | D:7      | HP: 3/75 [troll (5)]
  5736 | D:7      | Killed a troll
  5737 | D:7      | Reached skill level 5 in Dodging
  6033 | D:8      | Noticed a kobold demonologist
  6196 | D:8      | Reached skill level 1 in Shields
  6303 | D:8      | Noticed Joseph
  6318 | D:8      | Killed Joseph
  6319 | D:8      | Reached XP level 10. HP: 9/83 MP: 9/9
  7333 | D:9      | Identified the +2 robe "Mimutaec" {rElec Regen+ Str+3
                  | Dex-4}
  8016 | D:9      | Found a staircase to the Orcish Mines.
  8040 | D:9      | Reached skill level 5 in Shields
  8225 | D:10     | Entered Level 10 of the Dungeon
  8667 | D:10     | Found a staircase to the Lair.
  9111 | D:10     | Reached ***** piety under Trog
  9534 | D:11     | Noticed a two-headed ogre
  9541 | D:11     | Reached XP level 11. HP: 92/92 MP: 10/10
  9546 | D:11     | Killed a two-headed ogre
  9627 | D:11     | Noticed Psyche
  9633 | D:11     | Killed Psyche
  9639 | D:11     | Noticed a boulder beetle
  9651 | D:11     | Killed a boulder beetle
  9679 | D:11     | Reached skill level 15 in Axes
  9809 | D:11     | Noticed a two-headed ogre
  9816 | D:11     | Killed a two-headed ogre
  9903 | D:11     | Found a gate leading to a gauntlet.
  9912 | Gauntlet | Entered a Gauntlet
  9912 | Gauntlet | Found a transporter.
  9921 | Gauntlet | Found a transporter.
  9925 | Gauntlet | Noticed a catoblepas
  9942 | Gauntlet | Found a transporter.
  9942 | Gauntlet | Found a transporter.
  9963 | Gauntlet | Found a transporter.
  9980 | Gauntlet | Found a transporter.
  9986 | Gauntlet | Noticed a ghost crab
  9987 | Gauntlet | Found a transporter.
 10020 | Gauntlet | Found a transporter.
 10020 | Gauntlet | Found a transporter.
 10021 | Gauntlet | Noticed a wolf spider
 10022 | Gauntlet | Noticed an entropy weaver
 10027 | Gauntlet | Found a transporter.
 10045 | Gauntlet | Noticed a four-headed hydra
 10058 | Gauntlet | Found a transporter.
 10058 | Gauntlet | Found a transporter.
 10058 | Gauntlet | Noticed a death drake
 10203 | Gauntlet | Killed a catoblepas
 10204 | Gauntlet | Reached skill level 10 in Armour
 10407 | Gauntlet | Noticed a minotaur
 10414 | Gauntlet | HP: 4/94 [minotaur/the +7 lajatang of Order {silver, rMut}
                  | (17)]
 10420 | Gauntlet | Killed a minotaur
 10856 | D:12     | Found a runed translucent door.
 10856 | D:12     | Noticed a deep elf archer
 10856 | D:12     | Noticed a phantasmal warrior
 10865 | D:12     | Killed a deep elf archer
 10874 | D:12     | Noticed a vampire knight
 10950 | D:12     | Noticed a red very ugly thing
 10988 | D:12     | Killed a red very ugly thing
 10989 | D:12     | Reached XP level 12. HP: 91/101 MP: 11/11
 11196 | D:12     | You are sucked into a shaft and drop 2 floors!
 11216 | D:14     | Noticed a centaur warrior
 11228 | D:14     | Killed a centaur warrior
 11355 | D:13     | Reached skill level 15 in Armour
 11373 | D:13     | Found the +16 obsidian axe {drain, demonic, Mesm Drain Fly
                  | SInv}
 11389 | D:13     | Noticed a centaur warrior
 11400 | D:13     | Killed a centaur warrior
 11576 | D:13     | Noticed a six-headed hydra
 11579 | D:13     | Killed an eight-headed hydra
 11655 | D:13     | Noticed a centaur warrior
 11661 | D:13     | Killed a centaur warrior
 11999 | D:13     | Noticed a catoblepas
 12010 | D:13     | Killed a catoblepas
 12181 | D:13     | Noticed a centaur warrior
 12182 | D:13     | Noticed a centaur warrior
 12185 | D:13     | Noticed an ironbound thunderhulk
 12187 | D:13     | Killed a centaur warrior
 12191 | D:13     | Killed a centaur warrior
 12194 | D:13     | Killed an ironbound thunderhulk
 12226 | D:13     | Found a gate to the Vaults.
 12598 | D:12     | Noticed a boulder beetle
 12605 | D:12     | Killed a boulder beetle
 12606 | D:12     | Reached XP level 13. HP: 107/107 MP: 12/12
 13168 | Lair:1   | Entered Level 1 of the Lair of Beasts
 13364 | Lair:1   | Received a gift from Trog
 13460 | Lair:1   | Reached skill level 1 in Evocations
 13656 | Lair:1   | Noticed Urug
 13665 | Lair:1   | Killed Urug
 13940 | Lair:1   | Identified the +5 mace of Puiwem {holy, *Rage rPois rC+
                  | rN+++}
 14916 | Lair:2   | Reached skill level 10 in Fighting
 15001 | Lair:2   | Reached XP level 14. HP: 58/121 MP: 13/13
 15282 | Lair:2   | Reached skill level 10 in Shields
 15290 | Lair:2   | Reached skill level 5 in Evocations
 15300 | Lair:2   | Reached skill level 10 in Dodging
 15819 | Lair:2   | Identified a scroll of acquirement
 15819 | Lair:2   | Acquired a manual of Armour
 15906 | Lair:3   | Reached ****** piety under Trog
 15910 | Lair:3   | Found a staircase to the Snake Pit.
 16237 | Lair:3   | Received a gift from Trog
 16326 | Lair:3   | Found a staircase to the Shoals.
 17473 | Lair:4   | Noticed Josephine
 17485 | Lair:4   | Killed Josephine
 17783 | Lair:5   | Entered Level 5 of the Lair of Beasts
 17783 | Lair:5   | Found a viscous altar of Jiyva.
 17783 | Lair:5   | Found a staircase to the Slime Pits.
 17810 | Lair:5   | Reached XP level 15. HP: 101/128 MP: 14/14
 17947 | Lair:5   | Received a gift from Trog
 18317 | Lair:5   | Noticed Rupert
 18325 | Lair:5   | Killed Rupert
 18415 | Lair:5   | Found a runed translucent door.
 18518 | Lair:5   | Identified the +2 short sword "Icasm" {heavy, rC++ Will-}
                  | (Trog gifted it to you on level 5 of the Lair of Beasts)
 18518 | Lair:5   | Received a gift from Trog
 19356 | Orc:1    | Entered Level 1 of the Orcish Mines
 19376 | Orc:1    | Found Lent's Antique Weapon Shoppe.
 19564 | Orc:1    | Found Jaxiuk's Magic Scroll Shoppe.
 19573 | Orc:1    | Bought a scroll of teleportation for 42 gold pieces
 19573 | Orc:1    | Bought a scroll of revelation for 105 gold pieces
 19573 | Orc:1    | Bought a scroll of fear for 56 gold pieces
 19573 | Orc:1    | Bought a scroll of teleportation for 42 gold pieces
 19734 | Orc:2    | Entered Level 2 of the Orcish Mines
 20010 | Orc:2    | Found Gitez's Book Shoppe.
 20040 | Orc:2    | Found Mapeckye's Assorted Antiques.
 20053 | Orc:2    | Bought a potion of heal wounds for 150 gold pieces
 20053 | Orc:2    | Bought a potion of curing for 90 gold pieces
 20382 | Orc:2    | Received a gift from Trog
 20398 | Orc:2    | Found Usuanetz's General Store.
 20441 | Orc:2    | Bought a scroll of acquirement for 832 gold pieces
 20441 | Orc:2    | Bought a scroll of enchant armour for 120 gold pieces
 20535 | Orc:2    | Reached skill level 27 in Armour
 20695 | Orc:2    | Found Batutep's Distillery.
 20700 | Orc:2    | Reached skill level 1 in Polearms
 20847 | Orc:2    | Bought 2 potions of heal wounds for 150 gold pieces
 20847 | Orc:2    | Bought a potion of might for 60 gold pieces
 20847 | Orc:2    | Bought a potion of might for 60 gold pieces
 20847 | Orc:2    | Bought a potion of haste for 150 gold pieces
 20854 | Orc:2    | Acquired the +1 hat of the Great Game {Regen+ Dex+5}
 20904 | Orc:2    | Gained mutation: Your spells are a little harder to cast,
                  | but a little more powerful. [a neqoxec]
 21057 | Orc:2    | Received a gift from Trog
 21073 | Orc:2    | Found a staircase to the Elven Halls.
 21997 | Shoals:1 | Entered Level 1 of the Shoals
 22008 | Shoals:1 | Reached XP level 16. HP: 120/136 MP: 15/15
 22054 | Shoals:1 | Found Zoba's Antique Armour Shoppe.
 22078 | Shoals:1 | Bought a shiny kite shield for 210 gold pieces
 22319 | Shoals:1 | Noticed a kraken
 22326 | Shoals:1 | Killed a kraken
 22566 | Shoals:1 | Identified the +0 long sword "Jitoat" {pain, Str-5 Int+3
                  | Dex+4}
 23510 | Shoals:3 | Noticed Ilsuiw
 23538 | Shoals:3 | Killed Ilsuiw
 23608 | Shoals:3 | Noticed Kirke
 23615 | Shoals:3 | Killed Kirke
 23713 | Shoals:3 | Noticed Jorgrun
 23731 | Shoals:3 | Killed Jorgrun
 23767 | Shoals:3 | Found Jiluh's Mass Market.
 23775 | Shoals:3 | Bought a +0 tower shield for 67 gold pieces
 23880 | Shoals:3 | Received a gift from Trog
 23929 | Shoals:3 | Noticed Louise
 23947 | Shoals:3 | Killed Louise
 24064 | Shoals:3 | Noticed a kraken
 24071 | Shoals:3 | Killed a kraken
 24304 | Shoals:3 | Identified the +4 glaive of Wealth {elec, rC+ Dex+5 SInv}
 24487 | Shoals:4 | Entered Level 4 of the Shoals
 24532 | Shoals:4 | Reached XP level 17. HP: 29/148 MP: 16/16
 24813 | Shoals:4 | Identified the +5 spear "Vutosk" {flame, rF++ Int-4 SInv}
 24885 | Shoals:4 | Received a gift from Trog
 25259 | Shoals:4 | Got a barnacled rune of Zot
 25769 | Snake:1  | Entered Level 1 of the Snake Pit
 25769 | Snake:1  | Found Goosetun's Jewellery Emporium.
 25890 | Snake:1  | Found Momuhul's Antique Armour Shoppe.
 25949 | Snake:1  | Found Pauvuter's General Store.
 25959 | Snake:1  | Bought a potion of heal wounds for 50 gold pieces
 25959 | Snake:1  | Bought a scroll of teleportation for 30 gold pieces
 26002 | Snake:1  | Bought a potion of mutation for 80 gold pieces
 26045 | Snake:1  | Found Joetul's Antique Armour Shoppe.
 26250 | Snake:1  | Found Zobbuys's Antique Armour Boutique.
 26982 | Snake:2  | Noticed Mlioglotl
 26984 | Snake:2  | Noticed a bone dragon
 26996 | Snake:2  | Killed Mlioglotl
 27177 | Snake:2  | Received a gift from Trog
 27194 | Snake:2  | Noticed Saint Roka
 27207 | Snake:2  | Killed Saint Roka
 27492 | Snake:2  | Noticed Nikola
 27501 | Snake:2  | Killed Nikola
 27585 | Snake:2  | Reached XP level 18. HP: 161/161 MP: 17/17
 27926 | Snake:3  | Found Yqeuf's CLEARANCE SALE!.
 27930 | Snake:3  | Bought a scroll of teleportation for 18 gold pieces
 27963 | Snake:3  | Received a gift from Trog
 28320 | Snake:3  | Reached skill level 10 in Evocations
 28408 | Snake:3  | Reached skill level 15 in Fighting
 28651 | Snake:4  | Entered Level 4 of the Snake Pit
 28728 | Snake:4  | Received a gift from Trog
 29093 | Snake:4  | Found Aduxuckutso's Book Emporium.
 29336 | Snake:4  | Reached skill level 15 in Shields
 29427 | Snake:4  | Identified the +7 hand axe "X" {antimagic, rElec Str+2}
                  | (Trog gifted it to you on level 4 of the Snake Pit)
 29427 | Snake:4  | Received a gift from Trog
 29444 | Snake:4  | Noticed Vashnia
 29463 | Snake:4  | Killed Vashnia
 29604 | Snake:4  | Got a serpentine rune of Zot
 30058 | Vaults:1 | Entered Level 1 of the Vaults
 30112 | Vaults:1 | Reached XP level 19. HP: 174/174 MP: 18/18
 30483 | Vaults:1 | Received a gift from Trog
 30501 | Vaults:1 | Identified the +9 shortbow "Dorevyga" {heavy, rCorr Str+3
                  | Int+3}
 31543 | Vaults:2 | Received a gift from Trog
 31555 | Vaults:2 | Found a portal to a secret trove of treasure.
 32219 | Snake:1  | Bought the ring of Peace {rN+ Will++ Str+4} for 691 gold
                  | pieces
 32933 | Vaults:2 | Found a staircase to the Crypt.
 33536 | Vaults:3 | Reached XP level 20. HP: 191/191 MP: 19/19
 33538 | Vaults:3 | Identified the +4 rapier "Foaronk" {flame, Drain rPois
                  | Str+5} (Trog gifted it to you on level 3 of the Vaults)
 33538 | Vaults:3 | Received a gift from Trog
 34134 | Vaults:4 | Noticed Margery
 34149 | Vaults:4 | Killed Margery
 34158 | Vaults:4 | Identified the +7 spear of Grandeur {heavy, rElec rPois}
                  | (Trog gifted it to you on level 4 of the Vaults)
 34158 | Vaults:4 | Received a gift from Trog
 34467 | Vaults:4 | Found Hyfi's Distillery.
 34470 | Vaults:4 | Bought a potion of might for 88 gold pieces
 34470 | Vaults:4 | Bought a potion of heal wounds for 110 gold pieces
 34470 | Vaults:4 | Bought a potion of ambrosia for 176 gold pieces
 34470 | Vaults:4 | Bought a potion of cancellation for 176 gold pieces
 34563 | Vaults:4 | Found a large runed translucent door.
 34563 | Vaults:4 | Found a large runed translucent door.
 34563 | Vaults:4 | Found a large runed translucent door.
 34563 | Vaults:4 | Found a large runed translucent door.
 34563 | Vaults:4 | Found a large runed translucent door.
 34563 | Vaults:4 | Found a large runed translucent door.
 34563 | Vaults:4 | Found a large runed translucent door.
 34563 | Vaults:4 | Found a large runed translucent door.
 34563 | Vaults:4 | Noticed Joextigh's ghost (veteran KoHu)
 35116 | Vaults:4 | Noticed Aizul
 35125 | Vaults:4 | Killed Aizul
 35148 | Vaults:4 | Found Usi Xerhu's Antique Weapon Shoppe.
 35274 | Vaults:4 | Identified the +1 robe of Decompression {rF++ rC-}
 35346 | Vaults:4 | Received a gift from Trog
 35415 | Vaults:4 | Killed Joextigh's ghost
 35548 | Vaults:5 | Entered Level 5 of the Vaults
 35665 | Vaults:5 | Reached XP level 21. HP: 197/201 MP: 20/20
 35848 | Vaults:5 | Received a gift from Trog
 35848 | Vaults:5 | Noticed a golden dragon
 35861 | Vaults:5 | Killed a golden dragon
 35923 | Vaults:5 | Identified the +9 quarterstaff "Lailoxut" {drain, rN+
                  | Int+3}
 35926 | Vaults:5 | Identified the ring of Sotoruif {rElec rF+ Str+2 Dex+2}
 35952 | Vaults:5 | Identified the staff "Seinoag" {Fragile rElec rF++ Conj}
 36049 | Vaults:5 | Received a gift from Trog
 36074 | Vaults:5 | Identified the +10 mace "Miughosm" {heavy, *Noise rC+++
                  | rCorr Int+3}
 36248 | Vaults:5 | Reached skill level 1 in Stealth
 36368 | Vaults:5 | Identified the +6 war axe of Skirmishing {drain, Will++}
 36493 | Vaults:5 | Got a silver rune of Zot
 36551 | Vaults:5 | Identified the staff of the Flying Scavenger {rF+ rCorr
                  | Fire}
 37068 | Vaults:5 | Identified the +3 shortbow "Mauntoy" {drain, rC+}
 37081 | Vaults:5 | Identified the scarf of Dust Devil {repulsion, Rampage
                  | rPois rF+ rN+}
 38222 | D:15     | Entered Level 15 of the Dungeon
 38246 | D:15     | Received a gift from Trog
 38246 | D:15     | Noticed Azrael
 38260 | D:15     | Killed Azrael
 38264 | D:15     | Reached XP level 22. HP: 211/213 MP: 21/21
 38325 | D:15     | Found a frozen archway.
 38330 | IceCv    | Entered an ice cave
 38415 | IceCv    | Identified the ring of Jaemasan {rC+ rCorr Str+4 Dex+2}
 38627 | IceCv    | Found a viscous altar of Jiyva.
 38665 | IceCv    | Identified the ring "Kuidehi Vusch" {Fly rCorr AC+4 Stlth+}
 38673 | IceCv    | Identified the ring "Ocyucw" {rC+ Will+ Dex+2}
 38911 | D:15     | Noticed Roxanne
 38923 | D:15     | Killed Roxanne
 38978 | D:15     | Found a broken altar of Ashenzari.
 39212 | D:15     | Found a staircase to the Depths.
 39434 | Depths:1 | Entered Level 1 of the Depths
 39508 | Depths:1 | Identified the +13 broad axe of Terror {flame, Str+5} (Trog
                  | gifted it to you on level 1 of the Depths)
 39508 | Depths:1 | Received a gift from Trog
 39594 | Depths:1 | Found a sacrificial altar of Ru.
 39607 | Depths:1 | Found a blossoming altar of Fedhas.
 39711 | Depths:1 | Found a gateway to Hell.
 39868 | Depths:1 | Found a one-way gate leading to the halls of Pandemonium.
 39933 | Depths:1 | Found a one-way gateway to a ziggurat.
 40120 | Depths:1 | Reached skill level 5 in Stealth
 40332 | Depths:2 | Found a white marble altar of Elyvilon.
 40364 | Depths:2 | Found the +7 great mace "Firestarter" {flame, immolate,
                  | rFlCloud rF++}
 40376 | Depths:2 | Received a gift from Trog
 40393 | Depths:2 | Reached skill level 15 in Dodging
 40682 | Depths:2 | Received a gift from Trog
 40754 | Depths:2 | Noticed Sojobo
 40775 | Depths:2 | Killed Sojobo
 41192 | Depths:2 | Reached XP level 23. HP: 209/223 MP: 20/22
 41213 | Depths:2 | Found a one-way gate to the infinite horrors of the Abyss.
 41696 | Depths:3 | Noticed a caustic shrike
 41710 | Depths:3 | Killed a caustic shrike
 41949 | Depths:3 | Received a gift from Trog
 42366 | Depths:4 | Entered Level 4 of the Depths
 42470 | Depths:4 | Found Eluin's Armour Emporium.
 42604 | Depths:4 | Found Pewatupho's Antique Weapon Emporium.
 42638 | Depths:4 | Found Jaemm's Book Shop.
 42643 | Depths:4 | Found Hih Tuep's Assorted Antiques.
 42880 | Depths:4 | Identified the +11 hand axe "Vyraagi" {flame, +Blink
                  | Stlth+} (Trog gifted it to you on level 4 of the Depths)
 42880 | Depths:4 | Received a gift from Trog
 42887 | Depths:4 | Reached skill level 10 in Stealth
 43272 | Depths:4 | Found a gate to the Realm of Zot.
 43374 | Depths:4 | Bought the +8 shadow dragon scales of Sloth {rC- Int+5
                  | Stlth++++} for 1565 gold pieces
 43472 | Zot:1    | Entered Level 1 of the Realm of Zot
 43517 | Zot:1    | Noticed an orb of fire
 43529 | Zot:1    | Gained mutation: Your magical capacity is low. (-10% MP)
                  | [an orb of fire]
 43532 | Zot:1    | Gained mutation: You have hidden genetic defects. [an orb
                  | of fire]
 43538 | Zot:1    | Killed an orb of fire
 43547 | Zot:1    | Identified the +3 robe "Magax" {MP+9}
 43750 | Zot:1    | Reached XP level 24. HP: 133/231 MP: 10/19
 43930 | Zot:1    | Identified the +4 double sword "Neqenlut" {heavy, rF+
                  | Will+}
 43932 | Zot:1    | Noticed an orb of fire
 43945 | Zot:1    | Gained mutation: Your magical capacity is very low. (-20%
                  | MP) [hidden defects]
 43954 | Zot:1    | Gained mutation: You are clumsy. (Dex -2) [an orb of fire]
 43964 | Zot:1    | Killed an orb of fire
 43965 | Zot:1    | Received a gift from Trog
 44479 | Zot:1    | Lost mutation: Your spells are a little harder to cast, but
                  | a little more powerful. [potion of mutation]
 44479 | Zot:1    | Lost mutation: Your magical capacity is very low. (-20% MP)
                  | [potion of mutation]
 44479 | Zot:1    | Gained mutation: You are frail. (-10% HP) [potion of
                  | mutation]
 44480 | Zot:1    | Lost mutation: You are clumsy. (Dex -2) [potion of
                  | mutation]
 44480 | Zot:1    | Lost mutation: You have hidden genetic defects. [potion of
                  | mutation]
 44480 | Zot:1    | Lost mutation: Your magical capacity is low. (-10% MP)
                  | [potion of mutation]
 44480 | Zot:1    | Gained mutation: Your mind is acute. (Int +4, Str/Dex -1)
                  | [potion of mutation]
 44480 | Zot:1    | Gained mutation: You possess an exceptional clarity of
                  | mind. [potion of mutation]
 44686 | Zot:2    | Reached skill level 27 in Axes
 45459 | Zot:2    | Received a gift from Trog
 45500 | Zot:2    | You are sucked into a shaft and drop 1 floor!
 45629 | Zot:2    | Found the +4 dragonskin cloak
 45629 | Zot:2    | Noticed Tiamat
 45669 | Zot:2    | Killed Tiamat
 45688 | Zot:2    | Reached XP level 25. HP: 205/220 MP: 16/22
 45815 | Zot:2    | Identified the +2 rapier of the Moon {heavy, rF+}
 46895 | Zot:4    | Received a gift from Trog
 47149 | Zot:4    | Found a runed translucent gate.
 47151 | Zot:4    | Found a runed translucent gate.
 47274 | Zot:4    | Found a runed translucent gate.
 47277 | Zot:4    | Noticed an ancient lich
 47279 | Zot:4    | Noticed Didetumn's ghost (veteran OgBe)
 47912 | Zot:5    | Entered Level 5 of the Realm of Zot
 47917 | Zot:5    | Identified the ring "Pugarah" {Will+ Int+3 Dex+3}
 48282 | Zot:5    | Noticed a dread lich
 48286 | Zot:5    | Noticed a Killer Klown
 48287 | Zot:5    | Noticed an orb of fire
 48289 | Zot:5    | Noticed an ancient lich
 48291 | Zot:5    | Noticed an orb of fire
 48294 | Zot:5    | Noticed a dread lich
 48302 | Zot:5    | Gained mutation: Your magical capacity is low. (-10% MP)
                  | [an orb of fire]
 48328 | Zot:5    | Received a gift from Trog
 48338 | Zot:5    | Noticed a dread lich
 48345 | Zot:5    | Killed a dread lich
 48345 | Zot:5    | Noticed an orb of fire
 48346 | Zot:5    | Reached skill level 27 in Shields
 48350 | Zot:5    | Killed an orb of fire
 48358 | Zot:5    | Noticed an orb of fire
 48362 | Zot:5    | Killed a dread lich
 48368 | Zot:5    | Killed an orb of fire
 48452 | Zot:5    | Killed an orb of fire
 48531 | Zot:5    | Noticed a dread lich
 48536 | Zot:5    | Killed a dread lich
 48607 | Zot:5    | Noticed a Killer Klown
 48612 | Zot:5    | Killed an ancient lich
 48647 | Zot:5    | Killed an orb of fire
 48647 | Zot:5    | Noticed an ancient lich
 48652 | Zot:5    | Killed a dread lich
 48653 | Zot:5    | Reached XP level 26. HP: 63/237 MP: 3/19
 48659 | Zot:5    | Killed from afar by an ancient lich

Illustrated notes

Levels and vault maps discovered:
D:1:      lightli_arrival_chessboard, layout_rooms,
          chequers_serial_rivers_micro_c
D:2:      layout_rooms, serial_curves, eino_curves_02, eino_curves_03
D:3:      layout_basic, gammafunk_temple_overflow_elements,
          jmf_multi_god_temple2
D:4:      layout_cave_pools, uniq_blork_the_orc
D:5:      layout_basic, marbit_many_paths, lemuel_crystal_altar, uniq_eustachio,
          uniq_pikel
D:6:      layout_loops_ring, temple_doors_e, cheibrodos_sewer_entry_sluice
D:7:      gammafunk_beogh_shrine, layout_cave_pools, tso_altar
D:8:      layout_cave_pods, st_stairs_9, lightli_corner_chamber, uniq_joseph
D:9:      layout_loops_ring, erik_orc_1, nrook_uturn
D:10:     layout_irregular_city, minmay_lair_entry_grove,
          nicolae_elevator_lobby_asterisk
D:11:     layout_long_grid, gauntlet_entry_generic, uniq_psyche
D:12:     layout_roguey, dreamdust_princess_bridge, minmay_hidden_floor
D:13:     layout_loops_ring, hellmonk_vaults_keyhole
D:14:     layout_cave_pods, grunt_ministairs_10
D:15:     hellmonk_depths_entry_around_the_bend, layout_loops_ring,
          hangedman_decor_opposing, portal_ice_cave_entry_pillars_1,
          evilmike_ruin_ashenzari, uniq_roxanne, uniq_azrael
Temple:   minmay_freezing_vapour_temple
Lair:1:   layout_loops_ring, wad_woods_river_01, uniq_urug
Lair:2:   nzn_winding_woodlands_huge [nzn_winding_woodlands_5x15_jagged,
          nzn_winding_woodlands_5x15_concentric,
          nzn_winding_woodlands_5x15_cabin,
          nzn_winding_woodlands_5x15_pathside_ponds,
          nzn_winding_woodlands_5x15_crooked, nzn_winding_woodlands_5x15_parted,
          nzn_winding_woodlands_5x15_pool, nzn_winding_woodlands_5x15_garden,
          nzn_winding_woodlands_5x15_split_checker,
          nzn_winding_woodlands_5x15_pockets,
          nzn_winding_woodlands_center_diamonds,
          nzn_winding_woodlands_center_pierced_h,
          nzn_winding_woodlands_15x15_thick_spiral], layout_regular_city
Lair:3:   layout_cellular_growth, minmay_shoals_entry_lonely_mermaid,
          minmay_snake_entry_guardpost_small
Lair:4:   layout_misc_corridors, grunt_megastairs_1, lemuel_fruit_tree,
          serial_bayou_shore_b, uniq_josephine
Lair:5:   wormcave, layout_misc_corridors, hangedman_lair_caniforms_friends,
          slime_entry_1, serial_bayou_shore_b, uniq_rupert
Shoals:1: layout_shoals, serial_shops, shop
Shoals:2: layout_shoals
Shoals:3: cheibrodos_shoals_three_sisters, layout_shoals, minmay_shop_mass,
          nicolae_shoals_so_close, uniq_ilsuiw, uniq_jorgrun, uniq_louise,
          uniq_kirke
Shoals:4: shoals_end_grunt_ice, layout_shoals, shoal_ilsuiw
Snake:1:  layout_chambers, serial_shops, nicolae_shop_tiny_statue_garden,
          nicolae_shop_just_a_little_nook, shop, nicolae_shop_stone,
          nicolae_shop_hallway_plus, abandoned_shop
Snake:2:  layout_misc_corridors, serial_bayou_lake_a, grunt_megastairs_4,
          uniq_mlioglotl, uniq_saint_roka, uniq_nikola
Snake:3:  layout_basic, nicolae_shop_clearance, grunt_megastairs_3
Snake:4:  grunt_snake_rune_serpentine_throne, layout_cave_town, serial_shops,
          shop, nrook_guardian_serpent_ordinary, serial_bayou_shore_b,
          serial_bayou_shore_b, nicolae_triple_integral
Orc:1:    nicolae_orc_accident_2, layout_caves, serial_shops, shop,
          nicolae_shop_overgrown_old_shop, mines2_david
Orc:2:    pubby_orc_utopia
Vaults:1: grunt_vaults_focal, hangedman_vaults_maws, hangedman_vaults_slice,
          nicolae_vaults_shipping_containers_3, vaults_room_door_hall,
          vaults_dpeg_cross, nicolae_vaults_border_crossing,
          ontoclasm_vaults_misaligned, nicolae_vaults_trapezoid_3,
          layout_vaults_chaotic_city
Vaults:2: minmay_crypt_entry_simple_statues, v_misc_13,
          nicolae_vaults_trapezoid_lopsided_1, vaults_room_fours,
          hangedman_vaults_locks, nicolae_vaults_surprise_closet_hard,
          v_misc_31, grunt_vaults_hallway_short, v_misc_16,
          layout_vaults_omnigrid, enter_trove_5
Vaults:3: v_alt_pattern_5, nicolae_vaults_little_squares_5,
          ontoclasm_vaults_shout, nicolae_vaults_trapezoid_lopsided_2,
          nicolae_vaults_triangles, v_misc_14, nicolae_vaults_shelves_hall,
          nicolae_vaults_diamond_2, vaults_dpeg_encased_lava,
          nicolae_vaults_double_plus_2, nicolae_vaults_more_shelving_2,
          nicolae_vaults_variable_pillar_hall_cross, layout_vaults_maze_bifur
Vaults:4: advil_vaults_ghost_lines, v_misc_1, vaults_dpeg_diagonal,
          nicolae_vaults_ring_of_whatevers, v_misc_11, v_rooms_6, v_rooms_6,
          v_misc_8, nicolae_vaults_storage_closets_3,
          nicolae_vaults_security_offices_6, hangedman_vaults_slice,
          serial_ice_g, layout_vaults_ring, serial_shops, shop,
          nicolae_shop_real_fake_doors, uniq_aizul, uniq_margery
Vaults:5
Depths:1: layout_roguey, ziggurat_fallback, fedhas_altar_3,
          grunt_pan_entry_in_and_out, hell_entry, grunt_decor_cap,
          minmay_misc_feat_hallway, nicolae_ru_sacrificial_ziggurat
Depths:2: minmay_firetagon, layout_gridlike, pf_coc_iceberg,
          minmay_room_of_horrors, elyvilon_altar_3, rand_demon_pan_entry_3,
          minmay_staircase_bubble, uniq_sojobo
Depths:3: minmay_strange_plus, layout_gridlike, grunt_hell_horde,
          nrook_campfire, nicolae_abyss_entry_one_way_or_another,
          minmay_staircase_windowed_small
Depths:4: evilmike_zot_entry_hall, layout_gridlike, serial_shops,
          nicolae_shop_window_shopping, shop, hell_entry,
          dreamdust_looks_like_rain, minmay_shoptagon, serial_bayou_shore_a
Zot:1:    layout_basic, nicolae_rock_paper_scissors
Zot:2:    layout_concentric_octagons, st_grand_hoard_of_tiamat
Zot:3:    layout_basic, grunt_ministairs_8
Zot:4:    layout_cathedral_of_symmetry, gammafunk_ghost_necromancy
Zot:5:    layout_misc_corridors

Skill      XL: |  1  2  3  4  5  6  7  8  9 10 11 12 13 14 15 16 17 18 19 20 21 22 23 24 25 |
---------------+----------------------------------------------------------------------------+-----
Axes           | 4 5 7 8 10 11 14 16 17 18 19 20 21 22 25 27 | 27.0
Fighting       | 4 6 7 8 10 12 14 16 19 20 21 22 23 26 | 26.9
Armour         | 7 9 13 19 20 24 27 | 27.0
Dodging        | 6 7 9 10 11 12 14 15 | 15.0
Shields        | 2 6 7 9 10 12 13 15 18 22 23 24 25 27 | 27.0
Evocations     | 4 5 7 9 10 | 10.0
Polearms       | 1 |  1.2
Stealth        | 2 6 10 | 10.0

Action                     |  1- 3 |  4- 6 |  7- 9 | 10-12 | 13-15 | 16-18 | 19-21 | 22-24 | 25-27 || total
---------------------------+-------+-------+-------+-------+-------+-------+-------+-------+-------++-------
  Melee: Hand axe          |    99 |    43 |       |       |       |       |       |       |       ||   142
         Headbutt          |    11 |     9 |    27 |    76 |   157 |   203 |   253 |   358 |    96 ||  1190
         Punch             |       |     2 |     1 |       |       |       |       |       |       ||     3
         War axe           |       |    43 |   190 |   315 |       |       |       |       |       ||   548
         Broad axe         |       |       |       |    70 |   781 |   877 |   945 |  1167 |   339 ||  4179
 Invoke: Berserk           |       |     1 |     3 |     4 |     1 |     7 |     8 |     6 |     3 ||    33
         Trog's Hand       |       |       |     3 |     5 |     1 |    11 |     8 |     7 |     5 ||    40
         Brothers in Arms  |       |       |       |       |     1 |       |     1 |       |       ||     2
  Evoke: Wand              |       |       |       |       |       |       |     1 |       |       ||     1
    Use: Scroll            |       |     4 |     1 |     8 |    12 |     6 |    11 |     1 |     5 ||    48
         Potion            |       |       |    10 |     3 |     1 |     7 |     1 |     3 |     5 ||    30
   Stab: Distracted        |       |       |       |       |     7 |     8 |     6 |    29 |     9 ||    59
         Sleeping          |       |       |       |       |       |       |     1 |    36 |       ||    37
 Armour: Animal skin       |    16 |       |       |       |       |       |       |       |       ||    16
         Chain mail        |    57 |    71 |    11 |       |       |       |       |       |       ||   139
         Plate armour      |       |       |   230 |   255 |   412 |   453 |    43 |       |       ||  1393
         Skin              |       |       |    13 |       |       |       |       |       |       ||    13
         Fire dragon scale |       |       |       |       |       |       |   181 |       |       ||   181
         Storm dragon scal |       |       |       |       |       |       |    48 |       |       ||    48
         Shadow dragon sca |       |       |       |       |       |       |    16 |   371 |       ||   387
         Ring mail         |       |       |       |       |       |       |       |     3 |       ||     3
         Gold dragon scale |       |       |       |       |       |       |       |   168 |   164 ||   332
  Dodge: Dodged            |    47 |    48 |    77 |   140 |   372 |   473 |   295 |   388 |   101 ||  1941
         Repelled          |       |       |       |     1 |     3 |    23 |    15 |    30 |    15 ||    87
  Block: Kite shield       |       |       |    11 |   178 |   404 |   170 |       |       |       ||   763
         Tower shield      |       |       |       |       |       |   685 |   943 |   988 |   293 ||  2909

Table legend: (Time is in decaauts)
 A = Elapsed time spent in this place.
 B = Non-inter-level travel time spent in this place.
 C = Inter-level travel time spent in this place.
 D = Time resting spent in this place.
 E = Time spent auto-exploring this place.
 F = Levels seen in this place.
 G = Mean time per level.
                   A        B        C        D        E       F      G
               +--------+--------+--------+--------+--------+-----+--------+
         Total |  47924 |  43975 |   3949 |      0 |  33953 |  48 |  998.4 |
       Dungeon |  14581 |  13027 |   1554 |      0 |  10554 |  15 |  972.1 |
        Temple |      1 |      1 |      0 |      0 |      0 |   1 |    1.0 |
          Lair |   6831 |   5804 |   1027 |      0 |   4658 |   5 | 1366.2 |
        Shoals |   3661 |   3476 |    185 |      0 |   2646 |   4 |  915.2 |
     Snake Pit |   4030 |   3869 |    161 |      0 |   3126 |   4 | 1007.5 |
  Orcish Mines |   1885 |   1823 |     62 |      0 |   1361 |   2 |  942.5 |
        Vaults |   6775 |   6183 |    592 |      0 |   4515 |   5 | 1355.0 |
        Depths |   3882 |   3597 |    285 |      0 |   2622 |   4 |  970.5 |
           Zot |   5011 |   4931 |     80 |      0 |   3642 |   5 | 1002.2 |
         Sewer |     89 |     89 |      0 |      0 |     42 |   1 |   89.0 |
      Ice Cave |    442 |    442 |      0 |      0 |    236 |   1 |  442.0 |
      Gauntlet |    731 |    731 |      0 |      0 |    548 |   1 |  731.0 |
               +--------+--------+--------+--------+--------+-----+--------+

Top non-repeatable levels by time:
  Lair:2: 2093 daAuts
Vaults:5: 1719 daAuts
    D:10: 1548 daAuts
   Orc:2: 1494 daAuts
  Lair:3: 1493 daAuts
     D:3: 1480 daAuts
  Lair:5: 1398 daAuts
Vaults:4: 1392 daAuts
     D:9: 1389 daAuts
   Zot:4: 1353 daAuts
Vaults:2: 1335 daAuts
    D:12: 1257 daAuts
Depths:2: 1251 daAuts
   Zot:2: 1247 daAuts
Vaults:1: 1246 daAuts
